 Dungeon Crawl Stone Soup version 0.28.0-43-g3370ac3207 (webtiles) character file.

Game seed: 13868161975066999558

422 boopmooplesden the Chopper (level 6, 0/56 HPs)
             Began as a Minotaur Berserker on Mar 31, 2022.
             Was a Priest of Trog.
             Slain by an ogre
             ... wielding a +0 giant club
              (22 damage)
             ... on level 3 of the Dungeon.
             The game lasted 00:04:22 (3519 turns).

boopmooplesden the Chopper (Minotaur Berserker)     Turns: 3519, Time: 00:04:22

Health: 0/56       AC:  5    Str: 22    XL:     6   Next: 63%
Magic:  5/5        EV: 12    Int:  4    God:    Trog [***...]
Gold:   244        SH:  0    Dex: 11    Spells: 5/5 levels left

rFire   + . .      SeeInvis .   a - +1 hand axe
rCold   . . .      Faith    .   (no shield)
rNeg    . . .      Spirit   .   f - +1 leather armour {rF+}
rPois   .          Reflect  .   (helmet restricted)
rElec   .          Harm     .   j - +0 cloak
rCorr   .          Rampage  .   (no gloves)
Will    .....                   (no boots)
Stlth   +.........              (no amulet)
HPRegen 0.18/turn               (no ring)
MPRegen 0.09/turn               (no ring)

@: no status effects
A: horns 2, retaliatory headbutt
a: Renounce Religion, Berserk, Trog's Hand


You were on level 3 of the Dungeon.
You worshipped Trog.
Trog was most pleased with you.
You visited 1 branch of the dungeon, and saw 3 of its levels.
You also visited: Sewer.

You collected 244 gold pieces.

Inventory:

Hand Weapons
 a - a +1 hand axe (weapon)
Armour
 b - a +0 animal skin
 f - a +1 leather armour of fire resistance (worn)
 j - a +0 cloak (worn)
Jewellery
 d - a +4 ring of protection
Wands
 m - a wand of iceblast (6)
Scrolls
 e - 2 scrolls of amnesia
 i - a scroll of fog {unknown}
Potions
 c - a potion of berserk rage {unknown}
 g - 2 potions of haste {unknown}
 h - a potion of degeneration {unknown}
 l - a potion of curing {unknown}
 n - a potion of invisibility {unknown}
 o - a potion of brilliance {unknown}
 s - a potion of might


   Skills:
 + Level 5.4 Fighting
 + Level 6.4 Axes
 + Level 3.6 Armour
 + Level 3.5 Dodging
 + Level 1.5 Stealth


You had 5 spell levels left.
You didn't know any spells.
Your spell library was empty.

Dungeon Overview and Level Annotations

Branches:
Dungeon (3/15)              Sewer (visited)

Altars:
The Shining One


Innate Abilities, Weirdness & Mutations

You have a pair of horns on your head.
You reflexively headbutt those who attack you in melee.


Message History

Things that are here:
a +0 club; a goblin corpse The goblin unwields a +2 dagger of freezing.
The goblin wields a +0 hunting sling.
The goblin shoots a sling bullet.
The sling bullet barely misses you. The goblin hits you but does no damage.
You hit the goblin.
The goblin is heavily wounded.
The goblin barely misses you.
You completely miss the goblin.
The goblin is heavily wounded.
The goblin hits you but does no damage.
You hit the goblin.
You kill the goblin!
Trog accepts your kill.
You barely miss the goblin. The goblin hits you with a +0 club.
The goblin misses you. You furiously retaliate!
You headbutt the goblin!
You kill the goblin!
Trog accepts your kill.
You see here a +0 dagger.
You hit the goblin.
The goblin is heavily wounded.
The goblin hits you with a +0 club.
You hit the goblin. Your headbutt misses the goblin.
The goblin is severely wounded.
The goblin closely misses you.
You slash the goblin!
You kill the goblin!
Trog accepts your kill.
You closely miss the goblin. You headbutt the goblin.
You kill the goblin!
Trog accepts your kill.
You hit the ogre.
The ogre is moderately wounded.
The ogre hits you with a +0 giant club!!
You barely miss the ogre.
You headbutt the ogre, but do no damage.
The ogre is moderately wounded.
The ogre hits you with a +0 giant club!!
You die...

#.##.##.# #.##.##.# #.##.##.#
#.##.##.# #.##.##.# #.##.##.#
#.##.##.# ***** ###### #.##.##.#
,,,,** #gO@.# #.##.##.#
**,*,********#g##)####.##.##.#
*,***>,,,,,,#...#....(.##.##.# ,**
**,###**#!(g#########.##.# #*
*#..# #.Og#............# .##
*#.#.# ##########.##.####
..###.*#.####.#.# #.####
...#.###......#.######.##########
..#.##...####....รท...............


You could see an ogre and 2 goblins.

Vanquished Creatures
  Pargi (Sewer)
  A water moccasin skeleton (D:3)
  A hound (D:3)
  Crazy Yiuf (D:2)
  2 orc wizards (D:3)
  Robin (D:2)
  6 adders
  5 worms
  A dart slug (D:1)
  5 orcs
  4 endoplasms
  5 giant cockroaches
  21 goblins
  5 hobgoblins
  A jackal (D:2)
  2 quokkas (D:2)
  6 ball pythons
  6 bats (D:2)
  8 frilled lizards
  8 kobolds
  6 rats
96 creatures vanquished.

Notes
Turn   | Place    | Note
-------+----------+-------------------------------------------
     0 | D:1      | boopmooplesden the Minotaur Berserker began the quest for
                  | the Orb.
     0 | D:1      | Reached XP level 1. HP: 19/19 MP: 0/0
   430 | D:1      | Reached XP level 2. HP: 27/27 MP: 1/1
   494 | D:1      | Reached skill level 4 in Axes
   872 | D:2      | Found a glowing golden altar of the Shining One.
   966 | D:2      | Reached XP level 3. HP: 34/34 MP: 2/2
  1345 | D:2      | Noticed Robin
  1358 | D:2      | Killed Robin
  1359 | D:2      | Reached XP level 4. HP: 41/41 MP: 3/3
  1392 | D:2      | Reached ** piety under Trog
  2045 | D:2      | Found a runed translucent door.
  2046 | D:2      | Noticed Crazy Yiuf
  2351 | D:2      | Killed Crazy Yiuf
  2352 | D:2      | Reached skill level 5 in Axes
  2352 | D:2      | Reached XP level 5. HP: 47/47 MP: 4/4
  2532 | D:3      | Reached skill level 5 in Fighting
  2532 | D:3      | Reached skill level 1 in Stealth
  2716 | D:3      | Found a glowing drain.
  2742 | Sewer    | Entered a sewer
  2918 | Sewer    | Noticed Pargi
  2925 | Sewer    | Killed Pargi
  2926 | Sewer    | Reached skill level 6 in Axes
  2926 | Sewer    | Reached XP level 6. HP: 32/56 MP: 5/5
  3516 | D:3      | Reached *** piety under Trog
  3519 | D:3      | Slain by an ogre

Illustrated notes

Levels and vault maps discovered:
D:1:      ncdulo_lavacross, layout_loops_ring
D:2:      minmay_razor_zed, layout_basic, basic_altar, grunt_ministairs_8,
          st_stairs_10, corexii_hall_statues_x, minmay_lizard_pond, uniq_robin,
          uniq_crazy_yiuf_cottage
D:3:      layout_loops_ring, cheibrodos_sewer_entry_bend, minmay_ogre_servants

Skill      XL: |  1  2  3  4  5 |
---------------+----------------+-----
Fighting       | 4 5 |  5.4
Axes           | 4 5 6 |  6.4
Armour         | 3 |  3.6
Dodging        | 3 |  3.5
Stealth        | 1 |  1.5

Action                   |  1- 3 |  4- 6 || total
-------------------------+-------+-------++-------
Melee: Hand axe          |    47 |   123 ||   170
       Headbutt          |     8 |    17 ||    25
       Punch             |     1 |     1 ||     2
Invok: Berserk           |     2 |     2 ||     4
  Use: Scroll            |       |     7 ||     7
 Stab: Sleeping          |     1 |     4 ||     5
Armor: Animal skin       |     2 |       ||     2
       Leather armour    |    22 |    18 ||    40
Dodge: Dodged            |    31 |    69 ||   100
